 Dungeon Crawl Stone Soup version 0.29-a0-542-g075992c915 (webtiles) character file.

Game seed: 13153449617095084055

2830 vineage the Fighter (level 9, 0/68 HPs)
             Began as a Gargoyle Fighter on June 3, 2022.
             Was a Believer of Okawaru.
             Slain by a wight
             ... wielding a +3 great sword of freezing
              (3 damage)
             ... on level 6 of the Dungeon.
             The game lasted 00:08:26 (7834 turns).

vineage the Fighter (Gargoyle Fighter)              Turns: 7834, Time: 00:08:26

Health: 0/68       AC: 17    Str: 21    XL:     9   Next: 73%
Magic:  9/9        EV:  9    Int: 10    God:    Okawaru [**....]
Gold:   167        SH:  5    Dex: 11    Spells: 8/8 levels left

rFire   . . .      SeeInvis .   e - +0 morningstar (venom)
rCold   . . .      Faith    .   c - +0 buckler
rNeg    + + .      Spirit   .   b - +0 scale mail
rPois   ∞          Reflect  .   g - +0 helmet
rElec   +          Harm     .   (no cloak)
rCorr   .          Rampage  .   f - +1 pair of gloves
Will    .....                   (no boots)
Stlth   ..........              t - amulet of the acrobat
HPRegen 0.21/turn               q - ring of positive energy
MPRegen 0.11/turn               (no ring)

@: no status effects
A: sickness immunity, AC +6, negative energy resistance 1, electricity
resistance, torment resistance 1, petrification resistance
a: Renounce Religion, Heroism


You were on level 6 of the Dungeon.
You worshipped Okawaru.
Okawaru was pleased with you.
You visited 2 branches of the dungeon, and saw 7 of its levels.

You collected 311 gold pieces.
You spent 144 gold pieces at shops.

Inventory:

Hand Weapons
 e - a +0 morningstar of venom (weapon)
Missiles
 k - a throwing net (quivered)
Armour
 b - a +0 scale mail (worn)
 c - a +0 buckler (worn)
 f - a +1 pair of gloves (worn)
 g - a +0 helmet (worn)
Jewellery
 q - a ring of positive energy (left hand)
 t - an amulet of the acrobat (around neck)
Wands
 s - a wand of flame (18)
Scrolls
 a - a scroll of silence {unknown}
 d - 2 scrolls of blinking
 p - a scroll of magic mapping
 w - a scroll of teleportation
Potions
 h - a potion of lignification {unknown}
 i - a potion of flight {unknown}
 j - 2 potions of attraction
 m - 3 potions of heal wounds {unknown}
 n - 2 potions of magic {unknown}
 o - 3 potions of mutation {unknown}
 r - 2 potions of degeneration {unknown}
 u - 2 potions of haste {unknown}


   Skills:
 * Level 13.2 Fighting
 + Level 3.7 Maces & Flails
 + Level 4.8 Armour
 + Level 4.8 Shields


You had 8 spell levels left.
You didn't know any spells.
Your spell library contained the following spells:

 Spells                   Type           Power      Damage    Failure   Level
 Necrotize                Necr           0%         1d4       77%         1
 Gell's Gravitas          Tloc           0%         N/A       98%         3
 Lesser Beckoning         Tloc           0%         N/A       98%         3
 Teleport Other           Tloc           0%         N/A       98%         3
 Vampiric Draining        Necr           0%         2d6       98%         3
 Agony                    Necr           0%         N/A       100%        5


Dungeon Overview and Level Annotations

Branches:
Dungeon (6/15)             Temple (1/1) D:5

Altars:
Ashenzari
Cheibriados
Dithmenos
Hepliaklqana
Kikubaaqudgha
Makhleb
Okawaru
Qazlal
Ru
Wu Jian
Yredelemnul

Shops:
D:5 (   D:6 (


Innate Abilities, Weirdness & Mutations

You are immune to sickness and miasma.
Your stone body is resilient. (AC +6)
You are immune to poison.
You resist negative energy. (rN+)
You are resistant to electric shocks. (rElec)
You are resistant to unholy torment.
You are immune to petrification.


Message History

You closely miss the wight.
The wight hits you with a +3 great sword of freezing!
The wight freezes you. You block the wight's attack.
You are too injured to fight recklessly!
You are too injured to fight recklessly!
You are too injured to fight recklessly!
You are too injured to fight recklessly!
You are too injured to fight recklessly!
You are too injured to fight recklessly!
You are too injured to fight recklessly!
You are too injured to fight recklessly!
You are too injured to fight recklessly!
You are too injured to fight recklessly!
You are too injured to fight recklessly!
You are too injured to fight recklessly!
You are too injured to fight recklessly!
You are too injured to fight recklessly!
You are too injured to fight recklessly!
You completely miss the wight. You block the wight's attack.
You hit the wight.
The wight is lightly damaged.
The wight closely misses you.
You hit the wight but do no damage.
The wight is lightly damaged.
The wight hits you with a +3 great sword of freezing.
The wight freezes you.
The wight hits you with a +3 great sword of freezing.
The wight freezes you.
You hit the wight but do no damage.
The wight is lightly damaged.
The wight hits you with a +3 great sword of freezing!
* * * LOW HITPOINT WARNING * * *
The wight freezes you.
* * * LOW HITPOINT WARNING * * *
You barely miss the wight.
The wight is lightly damaged.
The wight hits you with a +3 great sword of freezing.
* * * LOW HITPOINT WARNING * * *
The wight freezes you.
You die...

#.....#####..#.....#.#.
###.#........##........
#.#........###.######
###.########## #.#
#.....# #.# #.....# #+#
#..)..# #....)######
#.....@z...#
###.#..###.# ## #..(.#
+. ###..# ## ##.. ###.
.#


You could see a wight.

Vanquished Creatures
  A boulder beetle (D:6)
  Sigmund (D:2)
  Menkaure (D:4)
  A water moccasin (D:6)
  Duvessa (D:5)
  2 black bears (D:6)
  2 ogres
  2 centaurs
  2 phantoms
  2 bullfrogs (D:6)
  3 scorpions
  2 wights (D:6)
  Dowan (D:5)
  2 jellies (D:4)
  An orc priest (D:6)
  5 hounds
  5 iguanas
  An orc wizard (D:6)
  5 adders
  6 gnolls
  2 white imps
  3 worms
  2 dart slugs
  13 orcs
  9 ball pythons
  4 bats
  12 endoplasms
  5 giant cockroaches
  10 hobgoblins
  5 jackals
  7 quokkas
  13 frilled lizards
  6 goblins
  8 kobolds
  6 rats
151 creatures vanquished.

Vanquished Creatures (others)
  11 plants
11 creatures vanquished.

Grand Total: 162 creatures vanquished

Notes
Turn   | Place    | Note
-------+----------+-------------------------------------------
     0 | D:1      | vineage the Gargoyle Fighter began the quest for the Orb.
     0 | D:1      | Reached XP level 1. HP: 14/14 MP: 1/1
   150 | D:1      | Reached XP level 2. HP: 13/20 MP: 2/2
   248 | D:1      | Reached skill level 4 in Fighting
   494 | D:1      | You fall into a shaft and drop 1 floor!
   537 | D:1      | Reached XP level 3. HP: 24/24 MP: 3/3
   982 | D:1      | Reached skill level 5 in Fighting
  1389 | D:2      | Reached XP level 4. HP: 25/31 MP: 4/4
  1496 | D:2      | Noticed Sigmund
  1515 | D:2      | Killed Sigmund
  1516 | D:2      | Reached skill level 7 in Fighting
  1516 | D:2      | Reached XP level 5. HP: 29/38 MP: 5/5
  1751 | D:2      | Reached XP level 6. HP: 44/44 MP: 6/6
  1943 | D:3      | Found a shadowy altar of Dithmenos.
  2229 | D:3      | Found a basalt altar of Yredelemnul.
  2231 | D:3      | Found a broken altar of Ashenzari.
  2258 | D:3      | Found a stormy altar of Qazlal.
  3237 | D:4      | Reached skill level 8 in Fighting
  3343 | D:4      | Identified the +0 scale mail of Xintau {Int+9 Slay-4}
  3788 | D:5      | Entered Level 5 of the Dungeon
  3788 | D:5      | Noticed Duvessa
  3788 | D:5      | Noticed Menkaure
  3797 | D:4      | Killed Menkaure
  3798 | D:4      | Reached XP level 7. HP: 42/50 MP: 7/7
  3803 | D:4      | Reached skill level 9 in Fighting
  4115 | D:5      | Noticed Dowan
  4119 | D:5      | Killed Duvessa
  4136 | D:5      | Killed Dowan
  4278 | D:4      | Reached skill level 10 in Fighting
  4448 | D:4      | Reached XP level 8. HP: 57/57 MP: 8/8
  4785 | D:5      | Found a staircase to the Ecumenical Temple.
  4796 | Temple   | Entered the Ecumenical Temple
  4856 | Temple   | Became a worshipper of Warmaster Okawaru
  5950 | D:5      | Reached skill level 11 in Fighting
  6616 | D:5      | Found Tyrusch's Antique Weapon Shop.
  6619 | D:5      | Bought an ebony hand axe for 144 gold pieces
  6619 | D:5      | Identified the +2 hand axe of Freehold {flame, rF- MP+9
                  | Str+3 Stlth+} (You bought it in a shop on level 5 of the
                  | Dungeon)
  6856 | D:6      | Found Qiluy's Weapon Shop.
  6907 | D:6      | Reached skill level 12 in Fighting
  6908 | D:6      | Reached * piety under Okawaru
  6987 | D:6      | Reached XP level 9. HP: 66/66 MP: 9/9
  7129 | D:6      | Noticed a boulder beetle
  7140 | D:6      | Killed a boulder beetle
  7140 | D:6      | Reached ** piety under Okawaru
  7564 | D:6      | Reached skill level 13 in Fighting
  7834 | D:6      | HP: 3/68 [wight/+3 great sword of freezing (6)]
  7834 | D:6      | Slain by a wight

Illustrated notes

Levels and vault maps discovered:
D:1:      dpeg_arrival_orchard, layout_basic, minmay_lizard_king
D:2:      layout_basic, uniq_sigmund
D:3:      layout_rooms, grunt_temple_overflow_open, mainiacjoe_overflow_catwalk,
          skrybe_limestone_x, minmay_cut_off
D:4:      layout_loops_corners
D:5:      cheibrodos_helix_gallery, layout_rooms, minmay_temple_entry_overgrown,
          serial_shops, kennysheep_mini_moat, uniq_duvessa, uniq_menkaure
D:6:      layout_loops_corners, serial_shops, nicolae_shop_waterfront
Temple:   compressed_dpeg_triangle_lava_temple

Skill      XL: |  1  2  3  4  5  6  7  8  9 |
---------------+----------------------------+-----
Fighting       | 4 5 7 8 10 12 13 | 13.2
Maces & Flails | 3 |  3.7
Armour         | 4 |  4.8
Shields        | 4 |  4.8

Action                   |  1- 3 |  4- 6 |  7- 9 || total
-------------------------+-------+-------+-------++-------
Melee: Flail             |   136 |    59 |       ||   195
       Morningstar       |       |   170 |   249 ||   419
Invok: Heroism           |       |       |     1 ||     1
  Use: Scroll            |     5 |     4 |     2 ||    11
       Potion            |       |     2 |     1 ||     3
Armor: Scale mail        |   116 |   135 |   200 ||   451
Dodge: Dodged            |    85 |   124 |   146 ||   355
Block: Buckler           |    36 |    51 |    69 ||   156

Table legend: (Time is in decaauts)
 A = Elapsed time spent in this place.
 B = Non-inter-level travel time spent in this place.
 C = Inter-level travel time spent in this place.
 D = Time resting spent in this place.
 E = Time spent auto-exploring this place.
 F = Levels seen in this place.
 G = Mean time per level.
                   A        B        C        D        E       F      G
               +--------+--------+--------+--------+--------+-----+--------+
         Total |   8084 |   7732 |    352 |   2108 |   4277 |   7 | 1154.9 |
       Dungeon |   8013 |   7688 |    325 |   2108 |   4239 |   6 | 1335.5 |
        Temple |     70 |     43 |     27 |      0 |     38 |   1 |   70.0 |
               +--------+--------+--------+--------+--------+-----+--------+

Top non-repeatable levels by time:
     D:4: 2364 daAuts
     D:5: 1664 daAuts
     D:1: 1200 daAuts
     D:6: 1160 daAuts
     D:3: 881 daAuts
     D:2: 743 daAuts
  Temple: 70 daAuts
